 Dungeon Crawl Stone Soup version 0.24-a0-368-g0e0cebd (webtiles) character file.

Game seed: 98850625507957980

3199 AlmondAAA the Geomancer (level 9, -10/59 HPs)
             Began as a Gargoyle Earth Elementalist on May 30, 2019.
             Was a Believer of Qazlal.
             Mangled by a two-headed ogre
             ... wielding a +0 giant spiked club
              (20 damage)
             ... on level 8 of the Dungeon.
             The game lasted 00:13:09 (7410 turns).

AlmondAAA the Geomancer (GrEE)                      Turns: 7410, Time: 00:13:09

Health: -10/59     AC:  9    Str: 14    XL:     9   Next: 96%
Magic:  9/13       EV: 12    Int: 17    God:    Qazlal [**....]
Gold:   390        SH:  2    Dex: 10    Spells: 3/14 levels left

rFire    . . .     SeeInvis .   w - +7 Singing Sword {slice, sonic wave}
rCold    . . .     Gourm    .   (no shield)
rNeg     + . .     Faith    .   s - +0 leather armour
rPois    ∞         Spirit   .   (no helmet)
rElec    +         Reflect  .   (no cloak)
rCorr    +         Harm     .   (no gloves)
MR       .....                  (no boots)
Stlth    +.........             (no amulet)
HPRegen  0.19/turn              E - ring of resist corrosion
MPRegen  0.13/turn              (no ring)

@: no status effects
A: negative energy resistance 1, electricity resistance, unbreathing,
petrification resistance, rot immunity, AC +6
a: Upheaval, Renounce Religion


You were on level 8 of the Dungeon.
You worshipped Qazlal.
Qazlal was pleased with you.
You were not hungry.

You visited 1 branch of the dungeon, and saw 8 of its levels.

You collected 390 gold pieces.

Inventory:

Hand Weapons
 f - a +2 whip of draining
 k - a +0 whip of electrocution
 p - a +2 mace of protection
 w - the +7 Singing Sword (weapon) {slice, sonic wave}
   (You found it on level 4 of the Dungeon)

   It inflicts extra damage upon your enemies.
Missiles
 b - 335 stones (quivered)
Armour
 c - a +0 plate armour
 s - a +0 leather armour (worn)
Jewellery
 E - a ring of resist corrosion (left hand)
Wands
 A - a wand of clouds (4)
 D - a wand of flame (16)
Scrolls
 g - 2 scrolls of enchant weapon
 h - 4 scrolls of amnesia
 i - a scroll of silence {unknown}
 j - a scroll of acquirement {unknown}
 l - 3 scrolls of fog
 n - 2 scrolls of blinking
 o - a scroll of immolation {unknown}
 q - 7 scrolls of teleportation {unknown}
 t - 3 scrolls of enchant armour {unknown}
 v - 4 scrolls of remove curse {unknown}
 x - a scroll of magic mapping {unknown}
 y - a scroll of random uselessness {unknown}
 C - 2 scrolls of identify
Potions
 a - 2 potions of heal wounds
 e - 2 potions of ambrosia
 m - 2 potions of brilliance
 r - 6 potions of curing
 u - 2 potions of magic {unknown}
 z - a potion of might {unknown}
 B - a potion of haste {unknown}
Comestibles
 d - 21 rations
 F - 4 chunks of flesh


   Skills:
 - Level 8.0 Fighting
 - Level 5.0 Long Blades
 - Level 3.2 Maces & Flails
 - Level 4.2 Armour
 + Level 2.2 Dodging
 - Level 2.2 Stealth
 + Level 3.0 Spellcasting
 + Level 0.0 Conjurations
 - Level 0.7 Transmutations
 + Level 9.9 Earth Magic
 + Level 0.0 Invocations


You had 3 spell levels left.
You knew the following spells:

 Your Spells              Type           Power        Failure   Level  Hunger
a - Sandblast             Erth           #####.       1%          1    None
b - Passwall              Tmut/Erth      ###.....     3%          2    ##.....
c - Stone Arrow           Conj/Erth      ###...       9%          3    ###....
d - Lee's Rapid Deconstr  Erth           #####.....   10%         5    ######.

Your spell library contained the following spells:

 Spells                   Type           Power        Failure   Level  Hunger
 Magic Dart               Conj           #...         22%         1    None
 Searing Ray              Conj           #.....       32%         2    ##.....
 Dazzling Spray           Conj/Hex       #.....       54%         3    ###....
 Petrify                  Tmut/Erth      ###.....     24%         4    ####...
 Force Lance              Conj/Tloc      #.......     91%         4    ####...
 Fulminant Prism          Conj/Hex       #.........   91%         4    ####...
 Iskenderun's Mystic Bla  Conj           #.......     91%         4    ####...


Dungeon Overview and Level Annotations

Branches:
Dungeon (8/15)             Temple (0/1) D:6            Lair (0/6) D:8

Altars:
Ashenzari
Fedhas
Gozag
Qazlal
Sif Muna
Trog
Yredelemnul

Annotations:
D:3 3 runed translucent doors, masterscum's ghost, amateur SpAK


Innate Abilities, Weirdness & Mutations

You are resistant to torment.
Your stone body is resilient. (AC +6)
You are immune to poison.
You resist negative energy. (rN+)
You are resistant to electric shocks. (rElec)
You can survive without breathing.
You are immune to petrification.
You are immune to rotting.


Message History

Press: ? - help, Dir - move target cursor, f - two-headed ogre
Aim: a two-headed ogre, wielding two +0 giant spiked clubs The ground shakes violently, spewing rubble!
The blast of rubble hits the two-headed ogre.
The two-headed ogre is lightly wounded.
Unknown command.
You slash the two-headed ogre!
The Screaming Sword shouts, "MY LOVE IS ETERNAL!"
You send a blast of sound all around you.
The two-headed ogre is blasted.
The two-headed ogre is severely wounded. x2
You hear a shout! x2; You hear an angry hiss.
The two-headed ogre closely misses you.
The two-headed ogre hits you with a +0 giant spiked club!!
You slash the two-headed ogre!
The two-headed ogre is almost dead.
The two-headed ogre hits you with a +0 giant spiked club!!
* * * LOW HITPOINT WARNING * * *
The two-headed ogre hits you with a +0 giant spiked club!!
You die...

########
#....O.# #@#
#.####.#######
#.........<..#
#.#.##.#.....#
.. ...#####.#
#. ###.##....#
# ####.##.##.#
.....##<##.#
#######.......#


You could see a two-headed ogre.

Vanquished Creatures
  A centaur skeleton (D:8)
  A hippogriff (D:7)
  A spriggan (D:7)
  2 orc warriors
  An ice beast (D:7)
  2 phantoms
  3 centaurs
  3 ogres
  Blork the orc (D:7)
  6 scorpions
  A wyvern skeleton (D:8)
  4 wights (D:7)
  A howler monkey (D:2)
  2 crimson imps (D:5)
  4 hounds
  2 orc priests
  A quasit (D:6)
  A bullfrog skeleton (D:5)
  2 iguanas
  11 worker ants
  4 orc wizards
  A hound zombie (D:5)
  A hound skeleton (D:7)
  A worker ant zombie (D:6)
  6 gnolls
  7 adders
  An ooze (D:7)
  8 worms
  3 dart slugs (D:1)
  3 leopard geckos
  23 orcs
  A ball python (D:1)
  8 bats
  8 giant cockroaches
  15 goblins
  7 hobgoblins
  8 jackals (D:7)
  3 quokkas
  4 frilled lizards
  10 kobolds
  2 leopard gecko skeletons
  A quokka skeleton (D:7)
  5 rats (D:1)
  A fungus (D:4)
181 creatures vanquished.

Vanquished Creatures (others)
  A fungus (D:3)
  3 plants (D:3)
4 creatures vanquished.

Grand Total: 185 creatures vanquished

Notes
Turn   | Place    | Note
-------+----------+-------------------------------------------
     0 | D:1      | AlmondAAA the Gargoyle Earth Elementalist began the quest
                  | for the Orb.
     0 | D:1      | Reached XP level 1. HP: 10/10 MP: 3/3
   156 | D:1      | Reached skill level 4 in Earth Magic
   156 | D:1      | Reached XP level 2. HP: 6/16 MP: 1/5
   162 | D:1      | Reached skill level 1 in Fighting
   595 | D:1      | Learned a level 2 spell: Passwall
   624 | D:1      | Reached XP level 3. HP: 16/20 MP: 6/6
   902 | D:1      | Learned a level 3 spell: Stone Arrow
  1052 | D:2      | Reached skill level 1 in Maces & Flails
  1077 | D:2      | Reached XP level 4. HP: 26/26 MP: 0/7
  1150 | D:1      | Reached skill level 5 in Earth Magic
  1305 | D:2      | Reached XP level 5. HP: 7/31 MP: 8/8
  2138 | D:3      | Identified the cursed +1 dagger of Destiny {pain, +Inv
                  | rPois MP+9 Str-2}
  2139 | D:3      | Found a runed translucent gate.
  2139 | D:3      | Noticed masterscum's ghost (amateur SpAK)
  2140 | D:3      | Found a runed translucent gate.
  2140 | D:3      | Found a runed translucent gate.
  2953 | D:4      | Noticed a phantom
  2985 | D:4      | Killed a phantom
  2985 | D:4      | Reached XP level 6. HP: 25/37 MP: 5/9
  3321 | D:4      | Reached skill level 6 in Earth Magic
  3332 | D:4      | Reached XP level 7. HP: 10/43 MP: 10/10
  3831 | D:4      | Reached skill level 5 in Fighting
  3831 | D:4      | Reached skill level 7 in Earth Magic
  3883 | D:4      | Found the +7 Singing Sword {slice, sonic wave}
  4146 | D:4      | Found a stormy altar of Qazlal.
  4384 | D:4      | Reached skill level 1 in Long Blades
  4443 | D:4      | Reached XP level 8. HP: 41/51 MP: 11/11
  4707 | D:4      | Became a worshipper of Qazlal Stormbringer
  4791 | D:5      | Entered Level 5 of the Dungeon
  4858 | D:5      | Found a blossoming altar of Fedhas.
  4895 | D:5      | Reached skill level 8 in Earth Magic
  5521 | D:5      | Learned a level 5 spell: Lee's Rapid Deconstruction
  5831 | D:6      | Reached * piety under Qazlal
  5833 | D:6      | Found a bloodstained altar of Trog.
  5850 | D:6      | Found a staircase to the Ecumenical Temple.
  5865 | D:6      | Found an opulent altar of Gozag.
  5882 | D:6      | Reached XP level 9. HP: 57/57 MP: 11/13
  5892 | D:6      | Reached skill level 1 in Armour
  6250 | D:6      | Reached skill level 9 in Earth Magic
  6422 | D:7      | Noticed Blork the orc
  6427 | D:7      | Killed Blork the orc
  6477 | D:7      | Found a deep blue altar of Sif Muna.
  6583 | D:7      | Found a shattered altar of Ashenzari.
  7013 | D:7      | Reached ** piety under Qazlal
  7123 | D:7      | Found a basalt altar of Yredelemnul.
  7254 | D:8      | Found a staircase to the Lair.
  7306 | D:8      | Reached skill level 5 in Long Blades
  7405 | D:8      | Noticed a two-headed ogre
  7410 | D:8      | Mangled by a two-headed ogre

Levels and vault maps discovered:
D:1:      tarquinn_simple_flora_water_b, layout_rooms
D:2:      layout_rooms
D:3:      layout_loops_ring, gammafunk_ghost_nasty_kobolds
D:4:      old_forge, layout_basic, grunt_qazlal_sundering, serial_forest,
          infiniplex_forest_clump_C, infiniplex_forest_straight_4,
          infiniplex_forest_straight_2, infiniplex_forest_clump_long,
          infiniplex_forest_clump_diagonal, infiniplex_forest_straight_5,
          infiniplex_forest_clump_tiny, infiniplex_forest_lined_room_,
          first_ration
D:5:      layout_basic, fedhas_altar_2
D:6:      layout_loops_ring, kennysheep_mini_moat, bloody_trog,
          minmay_temple_entry_statues_fountains
D:7:      layout_rooms, tgw_sif, yredelemnul_altar_generic,
          nicolae_overflow_crystal_walls, serial_rivers,
          chequers_serial_rivers_micro_d, chequers_serial_rivers_micro_d,
          chequers_serial_rivers_large_a, chequers_serial_rivers_micro_a,
          chequers_serial_rivers_micro_e, chequers_serial_rivers_room_b,
          mrwooster_statue_mirror, the_bakery
D:8:      layout_loops_cross, grunt_temple_overflow_order_and_chaos_1,
          tso_altar, okawaru_metal_pillars_3, dpeg_oklobed_lair, uniq_pikel,
          uniq_prince_ribbit1

Skill      XL: |  1  2  3  4  5  6  7  8  9 |
---------------+----------------------------+-----
Earth Magic    | 4 5 6 7 8 9 |  9.9
Fighting       | 1 2 3 4 5 7 8 |  8.0
Maces & Flails | 1 2 3 |  3.2
Long Blades    | 1 3 5 |  5.0
Armour         | 4 |  4.2
Spellcasting   | 3 |  3.0
Dodging        | 2 |  2.2
Stealth        | |  2.2
Transmutations | |  0.7

Action                   |  1- 3 |  4- 6 |  7- 9 || total
-------------------------+-------+-------+-------++-------
Melee: Dagger            |    26 |       |       ||    26
       Unarmed           |     6 |       |       ||     6
       Whip              |    81 |   123 |       ||   204
       Mace              |       |    34 |    82 ||   116
       Double sword      |       |       |   144 ||   144
Throw: Stone             |       |    14 |     3 ||    17
 Cast: Sandblast         |     8 |     4 |       ||    12
Invok: Upheaval          |       |       |     1 ||     1
Evoke: Wand              |       |       |     1 ||     1
  Use: Scroll            |       |       |     8 ||     8
 Stab: Sleeping          |       |     4 |     1 ||     5
  Eat: Chunk             |       |     8 |    14 ||    22
Armor: Robe              |    44 |    39 |       ||    83
       Leather armour    |       |     9 |    99 ||   108
Dodge: Dodged            |    61 |   110 |   137 ||   308
Block: Other             |       |       |     6 ||     6
       Rpst.: Double sword |       |       |    18 ||    18

Table legend:
 A = Non-vault XP
 B = Vault XP
 C = Vault XP percentage of total XP
 D = Non-vault monster count
 E = Vault monster count
 F = Vault count percentage of total count
                 A         B        C        D         E       F
            +---------+---------+-------+---------+---------+-------
      Total |    3994 |     576 |  12.6 |     167 |      13 |   7.2
            +---------+---------+-------+---------+---------+-------
        D:1 |      97 |       0 |   0.0 |      41 |       0 |   0.0
        D:2 |      93 |       0 |   0.0 |      18 |       0 |   0.0
        D:3 |      25 |       0 |   0.0 |       9 |       0 |   0.0
        D:4 |     782 |     271 |  25.7 |      21 |      11 |  34.4
        D:5 |     653 |       0 |   0.0 |      22 |       0 |   0.0
        D:6 |     740 |       0 |   0.0 |      17 |       0 |   0.0
        D:7 |     986 |     305 |  23.6 |      35 |       2 |   5.4
        D:8 |     618 |       0 |   0.0 |       4 |       0 |   0.0
            +---------+---------+-------+---------+---------+-------
